 Dungeon Crawl Stone Soup version 0.27.0-1-g7a089689b8 (webtiles) character file.

Game seed: 15268679188604691697

51 hawla the Chopper (level 3, -10/30 HPs)
             Began as a Minotaur Gladiator on Aug 8, 2021.
             Engulfed by a cloud of flame (19 damage)
             ... on level 3 of the Dungeon.
             The game lasted 00:03:18 (2076 turns).

hawla the Chopper (Minotaur Gladiator)              Turns: 2076, Time: 00:03:20

Health: -10/30     AC:  5    Str: 19    XL:     3   Next: 58%
Magic:  2/2        EV: 11    Int:  5    God:
Gold:   90         SH:  0    Dex: 11    Spells: 2/2 levels left

rFire    . . .     SeeInvis .   a - +0 war axe
rCold    . . .     Faith    .   (no shield)
rNeg     . . .     Spirit   .   g - +0 ring mail
rPois    .         Reflect  .   c - +0 hat
rElec    .         Harm     .   (no cloak)
rCorr    .         Rampage  .   (no gloves)
Will     .....                  (no boots)
Stlth    +.........             (no amulet)
HPRegen  0.10/turn              (no ring)
MPRegen  0.08/turn              (no ring)

@: no status effects
A: horns 2, retaliatory headbutt
a: no special abilities


You were on level 3 of the Dungeon.
You visited 1 branch of the dungeon, and saw 3 of its levels.

You collected 90 gold pieces.

Inventory:

Hand Weapons
 a - a +0 war axe (weapon)
Missiles
 d - 2 throwing nets (quivered)
Armour
 c - a +0 hat (worn)
 g - a +0 ring mail (worn)
Scrolls
 e - 4 scrolls of identify
Potions
 f - a potion of might


   Skills:
 + Level 2.9 Fighting
 + Level 4.0 Axes
 + Level 2.4 Throwing
 - Level 1.0 Armour
 + Level 3.6 Dodging
 + Level 0.2 Spellcasting
 + Level 0.2 Necromancy
 + Level 0.8 Evocations


You had 2 spell levels left.
You didn't know any spells.
Your spell library contained the following spells:

 Spells                   Type           Power      Damage    Failure   Level
 Foxfire                  Conj/Fire      0%         2x1d4     67%         1
 Sandblast                Erth           0%         2d4       67%         1
 Passwall                 Tmut/Erth      0%         N/A       80%         2
 Conjure Flame            Conj/Fire      0%         6-21      95%         3
 Inner Flame              Hex/Fire       0%         N/A       95%         3
 Lee's Rapid Deconstruct  Erth           0%         3d5*      100%        5


Dungeon Overview and Level Annotations

Branches:
Dungeon (3/15)

Altars:


Innate Abilities, Weirdness & Mutations

You have a pair of horns on your head.
You reflexively headbutt those who attack you in melee.


Message History

You kill the ball python!
No target in view!
No target in view!
As you read the scroll labelled DIOMUNT TAUHIANT, it crumbles to dust.
It is a scroll of identify.
f - a potion of might Autopickup is now off.
HP restored.
Found 6 gold pieces and a scroll labelled ZATTUO XUSEANEE.
Found a leather armour.
Found a stone staircase leading down.
You see here 6 gold pieces.
A kobold comes into view. It is wielding a +0 dagger.
The kobold shouts!
You see here a scroll labelled ZATTUO XUSEANEE.
As you read the scroll labelled ZATTUO XUSEANEE, it crumbles to dust.
The creatures around you are filled with an inner flame!
It was a scroll of immolation.
A rat comes into view.
Throw: 3 throwing nets
Press: ? - help, Q - select action Shift-Dir - straight line, f - kobold
Aim: a kobold, wielding a +0 dagger and quivering stones (inner flame, 50% to hit)
You throw a throwing net. The throwing net hits the kobold.
The kobold is caught in the net!
The kobold struggles against the net.
The kobold struggles against the net.
You see here 6 gold pieces.
You closely miss the rat. The rat bites you but does no damage.
You closely miss the rat. The rat misses you. The rat closely misses you.
You hit the rat but do no damage. The rat misses you. You furiously retaliate!
You headbutt the rat.
You kill the rat!
You hit the kobold.
The kobold explodes!
The fiery explosion engulfs you!!
Ouch! That really hurt!
* * * LOW HITPOINT WARNING * * *
You are engulfed in blazing flames.
Ouch! That really hurt!
You die...

..# r.# K.# .. .# ##.
##.##.... #####
#.....##.
#...#######........
#.......@ยงยง$.....#.
#..<....####.....#
#...###.# ...#...
#...# #............
##### ##...........
...[.......
...........
........... .......


There were no monsters in sight!

Vanquished Creatures
  An adder (D:2)
  4 orcs (D:2)
  4 endoplasms
  4 goblins
  3 hobgoblins
  6 jackals (D:2)
  2 ball pythons
  4 bats
  A frilled lizard (D:1)
  4 kobolds
  2 rats
  A spectral hobgoblin (D:1)
36 creatures vanquished.

Notes
Turn   | Place    | Note
-------+----------+-------------------------------------------
     0 | D:1      | hawla the Minotaur Gladiator began the quest for the Orb.
     0 | D:1      | Reached XP level 1. HP: 18/18 MP: 0/0
   194 | D:1      | Found a faded altar of an unknown god.
   225 | D:1      | Reached XP level 2. HP: 20/25 MP: 1/1
   734 | D:2      | HP: 1/25 [orc (6)]
  1098 | D:2      | Reached skill level 1 in Armour
  1272 | D:2      | Reached XP level 3. HP: 30/30 MP: 2/2
  1817 | D:2      | Reached skill level 4 in Axes
  2076 | D:3      | Engulfed by a cloud of flame

Illustrated notes

Levels and vault maps discovered:
D:1:      saegor_arrival_simple_a, layout_loops_ring,
          dreamdust_ecumenical_altar_drowned_temple, amethyst_killhole
D:2:      layout_loops_corners
D:3:      layout_rooms, serial_shops, shop, portal_sewer_entry_a, uniq_natasha

Skill      XL: |  1  2  3 |
---------------+----------+-----
Armour         | 1 |  1.0
Axes           | 4 |  4.0
Fighting       | |  2.9
Throwing       | |  2.4
Dodging        | |  3.6
Spellcasting   | |  0.2
Necromancy     | |  0.2
Evocations     | |  0.8

Action                   || total
-------------------------++-------
Melee: War axe           ||    57
       Headbutt          ||    10
Throw: Throwing net      ||     1
  Use: Scroll            ||     2
Armor: Leather armour    ||    17
       Ring mail         ||     2
Dodge: Dodged            ||    34
